 Dungeon Crawl Stone Soup version 0.23.1-42-g8abd8fc (webtiles) character file.

Game seed: 3155513880179277958

74193 Borgoz the Protected (level 15, -17/92 HPs)
             Began as a Gargoyle Fighter on Mar 30, 2019.
             Was a High Priest of Ashenzari.
             Demolished by an orc warlord
             ... wielding a +3 great sword of holy wrath
              (45 damage)
             ... on level 1 of the Orcish Mines.
             The game lasted 00:59:58 (26462 turns).

Borgoz the Protected (Gargoyle Fighter)            Turns: 26462, Time: 00:59:59

Health: -17/92     AC: 33    Str: 21    XL:     15   Next: 45%
Magic:  22/22      EV: 15    Int:  9    God:    Ashenzari [*****.]
Gold:   1326       SH:  0    Dex: 14    Spells: 16/24 levels left

rFire    . . .     SeeInvis +   a - +3 short sword (venom)
rCold    . . .     Gourm    .   (no shield)
rNeg     + + .     Faith    .   r - +0 plate armour
rPois    ∞         Spirit   .   P - +2 hat {MR+}
rElec    +         Reflect  .   Q - scarf {cloud immunity}
rCorr    .         Harm     .   i - +0 pair of gloves
MR       ++...     Clarity  +   T - +2 pair of boots of Compassion {rN+}
Stlth    ..........             u - amulet of regeneration
HPRegen  0.65/turn              C - ring of wizardry
MPRegen  0.18/turn              z - +3 ring of evasion

@: very slightly contaminated, lightly drained, invisible
A: big wings, negative energy resistance 1, electricity resistance, unbreathing,
petrification resistance, rot immunity, AC +11
a: Fly, Curse Item, Scrying, Transfer Knowledge, Renounce Religion


You were on level 1 of the Orcish Mines.
You worshipped Ashenzari.
Ashenzari was extremely pleased with you.
You were not hungry.

You visited 4 branches of the dungeon, and saw 24 of its levels.
You visited the Abyss 1 time.

You collected 1943 gold pieces.
You spent 617 gold pieces at shops.

Inventory:

Hand Weapons
 a - a +3 short sword of venom (weapon)
 b - a +2 dagger of draining
 d - a +1 dagger of electrocution
 e - a +1 dagger of freezing
 m - a +0 rapier
 o - the +5 short sword of the Heavens {freeze, rElec rF+ rN+ Dex-5}
   (You bought it in a shop on level 1 of the Orcish Mines)

   It has been specially enchanted to freeze those struck by it, causing extra
   injury to most foes and up to half again as much damage against particularly
   susceptible opponents.
   It can also slow down cold-blooded creatures.
   It affects your dexterity (-5).
   It protects you from fire.
   It insulates you from electricity.
   It protects you from negative energy.
 M - a cursed +4 dagger
Missiles
 A - 17 tomahawks (quivered)
Armour
 i - a +0 pair of gloves (worn)
 r - a +0 plate armour (worn)
 P - a +2 hat of magic resistance (worn)
 Q - a scarf of cloud immunity (worn)
 T - the +2 pair of boots of Compassion (worn) {rN+}
   (You bought it in a shop on level 10 of the Dungeon)

   It protects you from negative energy.
Jewellery
 g - the ring of Life {Ice rN+ Stlth+}
   (You found it on level 2 of the Lair of Beasts)

   [ring of ice]

   It enhances your ice magic.
   It makes you vulnerable to fire.
   It protects you from cold.
   It protects you from negative energy.
   It makes you more stealthy.
 u - an amulet of regeneration (around neck)
 z - a +3 ring of evasion (right hand)
 C - a ring of wizardry (left hand)
Wands
 l - a wand of iceblast (4)
 B - a wand of disintegration (11)
 D - a wand of random effects (12)
 H - a wand of acid (7)
 K - a wand of paralysis (25)
 V - a wand of digging (3)
Scrolls
 h - 5 scrolls of blinking
 j - a scroll of fear
 p - 14 scrolls of teleportation
 t - 5 scrolls of magic mapping
 y - a scroll of fog
 G - 5 scrolls of remove curse
 S - 3 scrolls of summoning
Potions
 k - 4 potions of haste
 n - 3 potions of cancellation
 v - a potion of invisibility
 N - 2 potions of resistance
 R - a potion of might
Comestibles
 f - 45 rations


   Skills:
 + Level 10.3(9.8) Fighting
 * Level 11.5(11.1) Short Blades
 + Level 11.8(11.4) Armour
 * Level 10.6(10.1) Dodging
 + Level 10.7(10.2) Stealth
   Level 3.2(2.9) Shields
 - Level 5.0(4.6) Spellcasting
 + Level 6.7(6.3) Hexes
 + Level 4.3(3.9) Translocations
 + Level 4.7(4.3) Ice Magic
 - Level 5.0(4.6) Evocations


You had 16 spell levels left.
You knew the following spells:

 Your Spells              Type           Power        Failure   Level  Hunger
a - Confusing Touch       Hex            ##....       11%         1    #......
b - Confuse               Hex            ##......     30%         3    ###....
c - Ensorcelled Hibernat  Hex/Ice        ##....       22%         2    ##.....
d - Blink                 Tloc           N/A          38%         2    ##.....

Your spell library contained the following spells:

 Spells                   Type           Power        Failure   Level  Hunger
 Corona                   Hex            ##.....      11%         1    #......
 Slow                     Hex            ##......     16%         2    ##.....
 Tukima's Dance           Hex            ##......     30%         3    ###....
 Gell's Gravitas          Tloc           #.........   58%         3    ###....
 Dazzling Spray           Conj/Hex       #.....       71%         3    ###....
 Magic Dart               Conj           #...         77%         1    #......
 Call Imp                 Summ           #.......     88%         2    ##.....
 Searing Ray              Conj           #.....       88%         2    ##.....
 Fulminant Prism          Conj/Hex       #.........   97%         4    #####..
 Conjure Flame            Conj/Fire      #.......     98%         3    ###....
 Mephitic Cloud           Conj/Pois/Air  #.......     98%         3    ###....
 Metabolic Englaciation   Hex/Ice        ##........   98%         5    ######.
 Force Lance              Conj/Tloc      #.......     99%         4    #####..
 Iskenderun's Mystic Bla  Conj           #.......     100%        4    #####..
 Petrify                  Tmut/Erth      #.......     100%        4    #####..
 Bolt of Magma            Conj/Fire/Erth #.........   100%        5    ######.
 Iskenderun's Battlesphe  Conj/Chrm      #.......     100%        5    ######.
 Venom Bolt               Conj/Pois      #.........   100%        5    ######.
 Yara's Violent Unravell  Hex/Tmut       #.........   100%        5    ######.
 Iron Shot                Conj/Erth      #.........   100%        6    #######
 Orb of Destruction       Conj           #.........   100%        7    #######
 Spellforged Servitor     Conj/Summ      #.........   100%        7    #######


Dungeon Overview and Level Annotations

Branches:
Dungeon (15/15)            Temple (1/1) D:6            Lair (6/6) D:10
  Swamp (0/4) Lair:2        Snake (0/4) Lair:3        Slime (0/5) Lair:5
    Orc (2/2) D:10         Vaults (0/5) D:13         Depths (0/5) D:15
    Elf: Orc:2

Altars:
Ashenzari
Cheibriados
Dithmenos
Elyvilon
Fedhas
Gozag
Hepliaklqana
Kikubaaqudgha
Makhleb
Nemelex Xobeh
Okawaru
Qazlal
Ru
Sif Muna
Trog
Uskayaw
Vehumet
Wu Jian
Xom
Yredelemnul
Zin
The Shining One
Jiyva

Shops:
D:9 %   D:10 [   D:14 %   Orc:1 :*(=   Orc:2 *


Innate Abilities, Weirdness & Mutations

You are resistant to torment.
Your stone body is resilient. (AC +11)
You are immune to poison.
Your large and strong wings let you fly indefinitely.
You resist negative energy. (rN+)
You are resistant to electric shocks. (rElec)
You can survive without breathing.
You are immune to petrification.
You are immune to rotting.


Message History

You climb upwards.
There is a stone staircase leading down here.
You are too injured to fight recklessly!
You are too injured to fight recklessly!
Evoke which item? (* to show all) (? for menu, Esc to quit)
Okay, then.
You fade into invisibility!
The orc sorcerer hits you but does no damage.
You are very lightly contaminated with residual magic.
You closely miss the orc sorcerer.
The orc sorcerer is lightly wounded.
The orc sorcerer hits you but does no damage.
You puncture the orc sorcerer!
The orc sorcerer is poisoned.
The orc sorcerer is moderately wounded.
You hit the orc sorcerer.
The orc sorcerer looks as sick as possible!
The orc sorcerer is moderately wounded.
The orc sorcerer closely misses you.
The orc warlord hits you with a +3 great sword of holy wrath!!!
You die...

##.####........#..........#.#
### ###...................##
##.................#..##
#................######
##..#.#..........#
###.#.##..........##
######..................#
##..#...................##
#...............@........#
##..#...........oo..#...##
####................#.##
#.................###
##.................#
####....##............#
#.###.................#
...#...........#.##..##
...#...........#..####


You could see an orc warlord and an orc sorcerer.

Vanquished Creatures
  Kirke (Lair:4)
  Gastronok (D:9)
  A fire dragon (D:14)
  Fannar (D:10)
  6 hydras
  3 two-headed ogres
  2 centaur warriors
  A dancing weapon (Lair:2)
  A death yak (Lair:5)
  A tengu warrior (D:14)
  A titan skeleton (D:15)
  2 skeletal warriors (D:15)
  A flayed ghost (D:15)
  A harpy (shapeshifter) (D:11)
  A sphinx zombie (D:15)
  The ghost of Flogoulo the Magician, a novice VSAE (D:7)
  A wolf spider (Lair:6)
  3 cyclopes
  A manticore (D:14)
  3 ugly things
  5 black mambas
  A torpor snail (Lair:6)
  4 elephants (Lair:6)
  3 gargoyles
  10 spiny frogs
  6 rime drakes
  4 kobold demonologists
  9 komodo dragons
  A tengu conjurer (D:14)
  2 trolls
  Prince Ribbit (D:9)
  2 hornets (D:7)
  10 polar bears
  5 raiju (Lair:6)
  9 blink frogs
  A wolf spider simulacrum (D:15)
  A tyrant leech (Lair:2)
  10 hippogriffs
  6 dream sheep
  Sigmund (D:6)
  The ghost of Moadoebe the Covert, an amateur SpMo of Jiyva (Lair:2)
  A deep troll skeleton (D:15)
  9 wyverns
  A vampire (D:12)
  12 spriggans (Lair:1)
  12 basilisks
  A wraith (D:10)
  3 hogs (Lair:4)
  38 yaks
  A hungry ghost (D:11)
  6 wargs
  4 vampire mosquitoes (D:13)
  Menkaure (D:7)
  Edmund (D:4)
  A swamp worm (Lair:2)
  A warg (shapeshifter) (D:13)
  5 soldier ants (D:5)
  13 hell hounds (Lair:6)
  11 water moccasins
  9 orc warriors
  9 porcupines
  2 ice beasts
  15 black bears
  4 sky beasts
  2 eyes of draining
  4 necrophages
  2 phantoms
  24 wolves
  2 eyes of draining (shapeshifter) (D:13)
  7 ogres
  The ghost of dvd the Charmwright, an amateur DsSk of Makhleb (D:3)
  7 centaurs
  10 crocodiles
  5 big kobolds
  20 bullfrogs
  2 wyvern zombies
  A scorpion (D:6)
  23 wights
  56 killer bees
  2 electric eels
  A howler monkey (D:6)
  3 crimson imps
  6 hounds
  A quasit (D:10)
  A bullfrog zombie (D:12)
  2 centaur zombies
  12 orc priests
  A gnoll shaman (Orc:1)
  3 centaur skeletons
  2 jellies
  19 orc wizards
  Crazy Yiuf (D:4)
  2 bullfrog skeletons
  6 iguanas
  16 worker ants
  2 hound zombies
  A mummy (D:12)
  2 worker ant zombies
  7 gnolls
  18 adders
  4 shadow imps
  2 adder skeletons (D:6)
  5 worms
  A dart slug (D:2)
  8 leopard geckos
  44 orcs
  7 bats
  9 giant cockroaches
  8 goblins
  6 hobgoblins
  18 jackals
  27 kobolds
  4 quokkas
  A ball python (Lair:3)
  5 frilled lizards
  A jackal skeleton (D:6)
  2 leopard gecko skeletons
  4 quokka skeletons
  10 rats
725 creatures vanquished.

Vanquished Creatures (others)
  An unseen horror (D:12)
  A crocodile (Lair:4)
  2 orc wizards
  A kobold (D:14)
  2 bushes (Lair:6)
  26 fungi
  23 plants
56 creatures vanquished.

Grand Total: 781 creatures vanquished

Notes
Turn   | Place    | Note
-------+----------+-------------------------------------------
     0 | D:1      | Borgoz the Gargoyle Fighter began the quest for the Orb.
     0 | D:1      | Reached XP level 1. HP: 14/14 MP: 1/1
   222 | D:1      | Reached XP level 2. HP: 14/19 MP: 2/2
   518 | D:2      | Reached skill level 1 in Stealth
   629 | D:2      | Found a shattered altar of Ashenzari.
   653 | D:2      | Reached XP level 3. HP: 20/23 MP: 3/3
   665 | D:2      | Reached skill level 1 in Dodging
   672 | D:2      | Became a worshipper of Ashenzari the Shackled
  1121 | D:2      | Found a shimmering altar of Xom.
  1124 | D:2      | Found a hazy altar of Hepliaklqana.
  1127 | D:2      | Found a hide-covered altar of Uskayaw.
  1283 | D:3      | Reached XP level 4. HP: 27/29 MP: 4/4
  1421 | D:3      | Reached XP level 5. HP: 28/33 MP: 5/5
  1730 | D:3      | Reached XP level 6. HP: 27/38 MP: 6/6
  1779 | D:3      | Found a runed translucent gate.
  1780 | D:3      | Found a runed translucent gate.
  1781 | D:3      | Found a runed translucent gate.
  1785 | D:3      | Noticed dvd's ghost (amateur DsSk)
  1982 | D:4      | Found a runed translucent door.
  1983 | D:4      | Noticed Crazy Yiuf
  2033 | D:4      | Reached * piety under Ashenzari
  2377 | D:4      | Noticed Edmund
  2395 | D:4      | Killed Edmund
  2395 | D:4      | Reached XP level 7. HP: 22/44 MP: 7/7
  2984 | D:4      | Paralysed by Crazy Yiuf for 4 turns
  2991 | D:4      | Killed Crazy Yiuf
  3082 | D:5      | Entered Level 5 of the Dungeon
  3456 | D:5      | Found the +9 staff of Olgreb {rPois}
  3456 | D:5      | Found a runed translucent door.
  3476 | D:5      | Found a runed translucent door.
  3481 | D:5      | Found a runed translucent gate.
  3481 | D:5      | Found a runed translucent gate.
  3481 | D:5      | Noticed a soldier ant
  3492 | D:5      | Found a runed translucent gate.
  3495 | D:5      | Noticed a soldier ant
  3495 | D:5      | Noticed a soldier ant
  3495 | D:5      | Noticed a soldier ant
  3495 | D:5      | Noticed a soldier ant
  3520 | D:5      | Reached XP level 8. HP: 41/48 MP: 8/8
  3526 | D:5      | Reached skill level 5 in Fighting
  3538 | D:5      | Reached skill level 5 in Armour
  3551 | D:5      | Reached skill level 5 in Short Blades
  3601 | D:5      | Reached XP level 9. HP: 16/54 MP: 9/9
  3823 | D:5      | Reached skill level 5 in Stealth
  3833 | D:5      | Reached skill level 5 in Dodging
  3990 | D:5      | Found a deep blue altar of Sif Muna.
  4194 | D:3      | Killed dvd's ghost
  4697 | D:6      | Got the whip of Cuplaung {slash, -Tele Int+9 Dex-3}
  4698 | D:6      | Identified the +4 whip of Cuplaung {slash, -Tele Int+9
                  | Dex-3} (You found it on level 6 of the Dungeon)
  4877 | D:6      | Noticed Sigmund
  4902 | D:6      | Killed Sigmund
  5042 | D:6      | Learned a level 1 spell: Confusing Touch
  5046 | D:6      | Learned a level 3 spell: Confuse
  5080 | D:6      | Found a staircase to the Ecumenical Temple.
  5212 | Temple   | Entered the Ecumenical Temple
  5728 | D:7      | Noticed a hornet
  5742 | D:7      | Killed a hornet
  5833 | D:7      | Reached XP level 10. HP: 59/61 MP: 9/11
  5874 | D:7      | Found a sparkling altar of Nemelex Xobeh.
  5875 | D:7      | Found an ancient bone altar of Kikubaaqudgha.
  5892 | D:7      | Reached skill level 1 in Spellcasting
  5892 | D:7      | Reached skill level 1 in Hexes
  5892 | D:7      | Reached skill level 1 in Evocations
  5928 | D:7      | Found a transporter.
  6032 | D:7      | Noticed Menkaure
  6038 | D:7      | Killed Menkaure
  6123 | D:7      | Found a transporter.
  6123 | D:7      | Noticed Flogoulo's ghost (novice VSAE)
  6589 | D:8      | Noticed a two-headed ogre
  6613 | D:8      | Killed a two-headed ogre
  6919 | D:7      | Found an ornate altar of the Wu Jian Council.
  7105 | D:7      | Killed Flogoulo's ghost
  7113 | D:7      | Reached XP level 11. HP: 67/67 MP: 14/14
  7312 | D:8      | Reached ** piety under Ashenzari
  7615 | D:9      | Noticed Gastronok
  7619 | D:9      | Found Junon's Food Shoppe.
  7646 | D:9      | Killed Gastronok
  7977 | D:9      | Found a blossoming altar of Fedhas.
  8212 | D:9      | Noticed Prince Ribbit
  8230 | D:9      | Killed Prince Ribbit
  8536 | D:10     | Entered Level 10 of the Dungeon
  8631 | D:10     | Found a staircase to the Orcish Mines.
  9256 | D:10     | Found a staircase to the Lair.
  9328 | D:10     | Found Moiziplu's Antique Armour Shoppe.
  9343 | D:10     | Bought a pair of crude boots for 218 gold pieces
  9348 | D:10     | Identified the +2 pair of boots of Compassion {rN+} (You
                  | bought it in a shop on level 10 of the Dungeon)
  9348 | D:10     | Bought a transparent ring mail for 207 gold pieces
  9358 | D:10     | Identified the cursed +0 ring mail of Supple Strength
                  | {+Blink Int+3} (You bought it in a shop on level 10 of the
                  | Dungeon)
  9624 | D:10     | Noticed Fannar
  9643 | D:10     | Killed Fannar
  9903 | D:11     | Identified the cursed +0 chain mail of Panentheism {rC++
                  | rCorr Slay-3 SInv}
  9971 | D:11     | Noticed a harpy
  9979 | D:11     | Killed a harpy
  9979 | D:11     | Reached XP level 12. HP: 36/73 MP: 17/17
 10981 | Lair:1   | Entered Level 1 of the Lair of Beasts
 10981 | Lair:1   | Reached *** piety under Ashenzari
 11803 | D:12     | Identified the ring of Wisdom {*Tele rN+ Int+4}
 12151 | Lair:1   | Noticed an eight-headed hydra
 12159 | Lair:1   | Killed an eight-headed hydra
 13482 | Lair:1   | Reached skill level 10 in Armour
 14228 | Lair:2   | Reached XP level 13. HP: 72/79 MP: 19/19
 14252 | Lair:2   | Found a runed translucent door.
 14252 | Lair:2   | Found a shimmering altar of Xom.
 14252 | Lair:2   | Noticed Moadoebe's ghost (amateur SpMo)
 14614 | Lair:2   | Identified the ring of Life {Ice rN+ Stlth+}
 15442 | Lair:2   | Found a staircase to the Swamp.
 16345 | Lair:3   | Learned a level 2 spell: Ensorcelled Hibernation
 16359 | Lair:3   | Learned a level 2 spell: Blink
 16546 | Lair:3   | Found a staircase to the Snake Pit.
 16567 | Lair:3   | Reached skill level 5 in Evocations
 16758 | Lair:3   | Reached **** piety under Ashenzari
 17283 | Lair:4   | Noticed Kirke
 17294 | Lair:4   | Reached skill level 5 in Hexes
 17316 | Lair:4   | Killed Kirke
 17316 | Lair:4   | Reached skill level 10 in Short Blades
 17316 | Lair:4   | Reached skill level 5 in Spellcasting
 17316 | Lair:4   | Reached skill level 1 in Translocations
 17316 | Lair:4   | Reached skill level 1 in Ice Magic
 18387 | Lair:5   | Found a viscous altar of Jiyva.
 18433 | Lair:5   | Found a staircase to the Slime Pits.
 19482 | Lair:6   | Entered Level 6 of the Lair of Beasts
 19550 | Lair:6   | Gained mutation: Your large and strong wings let you fly
                  | indefinitely. [Gargoyle growth]
 19550 | Lair:6   | Reached XP level 14. HP: 59/86 MP: 21/21
 20134 | Lair:6   | Reached ***** piety under Ashenzari
 20580 | Lair:6   | Identified a scroll of acquirement
 21409 | Lair:6   | Reached skill level 10 in Stealth
 21698 | Lair:6   | Reached skill level 10 in Dodging
 22256 | Lair:1   | Identified the cursed ring of Mysticism {*Slow rC+ Dex+5}
                  | (You acquired it on level 1 of the Lair of Beasts)
 22344 | Lair:2   | Paralysed by a +1 trident of chaos for 2 turns
 22344 | Lair:2   | Cast into level 2 of the Abyss (+1 trident of chaos)
 22422 | Abyss:2  | Noticed a starcursed mass
 22423 | Abyss:2  | Noticed a starcursed mass
 22444 | Abyss:2  | Found a corrupted altar of Lugonu.
 22461 | Lair:2   | Escaped the Abyss
 22498 | Lair:2   | Killed Moadoebe's ghost
 22820 | D:12     | Reached skill level 10 in Fighting
 23083 | D:12     | Found an opulent altar of Gozag.
 23419 | D:13     | Reached XP level 15. HP: 71/92 MP: 22/22
 23834 | D:13     | Found a gate to the Vaults.
 24432 | D:14     | Found Ceocergh's Food Shoppe.
 24705 | D:15     | Entered Level 15 of the Dungeon
 25243 | D:14     | Found a glowing golden altar of the Shining One.
 25495 | D:15     | Found a staircase to the Depths.
 25878 | Orc:1    | Entered Level 1 of the Orcish Mines
 26112 | Orc:1    | Found Koehar's Antique Weapon Shoppe.
 26123 | Orc:1    | Bought a shimmering short sword for 192 gold pieces
 26123 | Orc:1    | Identified the +5 short sword of the Heavens {freeze, rElec
                  | rF+ rN+ Dex-5} (You bought it in a shop on level 1 of the
                  | Orcish Mines)
 26155 | Orc:1    | Found Uhymuss's Jewellery Emporium.
 26340 | Orc:1    | Found Nock's Book Shop.
 26344 | Orc:1    | Found Vaojus's General Store.
 26434 | Orc:2    | Entered Level 2 of the Orcish Mines
 26437 | Orc:2    | Noticed an orc warlord
 26450 | Orc:2    | Found Hagarein's General Store.
 26462 | Orc:1    | Demolished by an orc warlord

Skill      XL: |  1  2  3  4  5  6  7  8  9 10 11 12 13 14 15 |
---------------+----------------------------------------------+-----
Short Blades   | 2 3 4 5 6 7 8 9 10 11 | 11.5
Stealth        | 1 2 3 4 6 7 8 9 10 | 10.7
Dodging        | 1 2 3 4 6 7 8 9 10 | 10.6
Fighting       | 4 5 6 7 8 9 10 | 10.3
Armour         | 4 5 6 7 9 10 11 | 11.8
Spellcasting   | 2 3 4 5 |  5.0
Hexes          | 2 3 4 5 6 |  6.7
Evocations     | 2 3 4 5 |  5.0
Translocations | 2 3 4 |  4.3
Ice Magic      | 2 4 |  4.7
Shields        | |  3.2

Action                   |  1- 3 |  4- 6 |  7- 9 | 10-12 | 13-15 || total
-------------------------+-------+-------+-------+-------+-------++-------
Melee: Rapier            |    64 |       |       |       |       ||    64
       Short sword       |    59 |   191 |   418 |  1527 |  3019 ||  5214
       Dagger            |       |       |       |       |    39 ||    39
Throw: Tomahawk          |       |       |     2 |       |       ||     2
 Cast: Confusing Touch   |       |       |       |       |    26 ||    26
Evoke: Wand              |       |       |       |    12 |    14 ||    26
  Use: Scroll            |     1 |       |     6 |    11 |    18 ||    36
       Potion            |       |       |     2 |     5 |    13 ||    20
 Stab: Sleeping          |       |       |       |     9 |       ||     9
       Paralysed         |       |       |       |       |     1 ||     1
       Confused          |       |       |       |       |    33 ||    33
       Invisible         |       |       |       |       |     1 ||     1
  Eat: Chunk             |     1 |     4 |     8 |    17 |    35 ||    65
       Ration            |       |       |     1 |     4 |     2 ||     7
Armor: Scale mail        |    89 |       |       |       |       ||    89
       Plate armour      |    17 |   185 |   290 |   830 |  1877 ||  3199
       Ring mail         |       |       |       |   122 |       ||   122
Dodge: Dodged            |    68 |    76 |   135 |   701 |  1727 ||  2707
